 Seeded DCSS version 0.28-a0-1567-g1695149f81 (webtiles) character file.

Game seed: 641 (custom seed)

783 knot the Cleaver (level 7, 0/52 HPs)
             Began as a Demonspawn Berserker on Jan 20, 2022.
             Was a Believer of Trog.
             Succumbed to a gnoll's poison
             ... on level 5 of the Dungeon.
             The game lasted 00:05:04 (5835 turns).

knot the Cleaver (Demonspawn Berserker)             Turns: 5835, Time: 00:05:05

Health: 0/52       AC:  8    Str: 18    XL:     7   Next: 55%
Magic:  7/7        EV: 11    Int: 10    God:    Trog [**....]
Gold:   225        SH:  0    Dex: 18    Spells: 6/6 levels left

rFire   . . .      SeeInvis .   x - +10 club
rCold   . . .      Faith    .   (no shield)
rNeg    + . .      Spirit   .   z - +2 ring mail {rN+}
rPois   .          Reflect  .   o - +0 helmet
rElec   .          Harm     .   (no cloak)
rCorr   +          Rampage  .   (no gloves)
Will    .....                   (no boots)
Stlth   +.........              (no amulet)
HPRegen 0.17/turn               n - +6 ring of dexterity
MPRegen 0.10/turn               v - ring of resist corrosion

@: lethally poisoned (0 -> -3), on berserk cooldown, slowed, very slow
A: powered by death 1
a: Renounce Religion, Berserk, Trog's Hand


You were on level 5 of the Dungeon.
You worshipped Trog.
Trog was pleased with you.
You visited 1 branch of the dungeon, and saw 5 of its levels.

You collected 225 gold pieces.

Inventory:

Hand Weapons
 a - a +0 hand axe
 x - a +10 club (weapon)
Missiles
 e - 8 boomerangs (quivered)
 h - 62 stones
 r - 4 poisoned darts
 s - 2 atropa-tipped darts
 y - 25 sling bullets
Armour
 o - a +0 helmet (worn)
 z - a +2 ring mail of positive energy (worn)
Jewellery
 n - a +6 ring of dexterity (left hand)
 v - a ring of resist corrosion (right hand)
Wands
 w - a wand of iceblast (1)
Scrolls
 c - 3 scrolls of identify {unknown}
 d - 2 scrolls of immolation {unknown}
 f - a scroll of enchant weapon {unknown}
 i - a scroll of magic mapping {unknown}
 l - a scroll of amnesia {unknown}
 p - a scroll of fear {unknown}
 q - a scroll of teleportation {unknown}
 u - a scroll of summoning {unknown}
Potions
 g - 2 potions of invisibility {unknown}
 j - a potion of haste
 k - a potion of attraction {unknown}
 m - a potion of heal wounds {unknown}
 t - a potion of ambrosia {unknown}


   Skills:
 - Level 3.0 Fighting
 + Level 8.3 Axes
 - Level 1.7 Armour
 - Level 1.7 Dodging


You had 6 spell levels left.
You didn't know any spells.
Your spell library contained the following spells:

 Spells                   Type           Power      Damage    Failure   Level
 Call Canine Familiar     Summ           0%         N/A       89%         3
 Portal Projectile        Hex/Tloc       0%         N/A       89%         3
 Leda's Liquefaction      Hex/Erth       0%         N/A       100%        4


Dungeon Overview and Level Annotations

Branches:
Dungeon (5/15)             Temple (0/1) D:4

Altars:
Dithmenos
Qazlal
Wu Jian


Innate Abilities, Weirdness & Mutations

You regenerate a little health from kills.


Message History

You see here a +0 spear.
You bludgeon the gnoll!!
You kill the gnoll!
Trog accepts your kill.
* * * LOW HITPOINT WARNING * * *
You feel very sick. The gnoll barely misses you.
You closely miss the gnoll.
* * * LOW HITPOINT WARNING * * *
You feel sick. The gnoll barely misses you. x2
You sock the gnoll!
You feel the power of Trog in you as your rage grows.
You kill the gnoll!
Trog accepts your kill.
You feel very sick. The gnoll closely misses you.
You sock the ufetubus!
You kill the ufetubus!
Trog accepts your kill.
You feel sick.
You feel sick. The gnoll hits you with a +0 spear.
* * * LOW HITPOINT WARNING * * *
Items here: ( )) ††.
You closely miss the gnoll.
You feel sick. The gnoll hits you with a +0 spear.
* * * LOW HITPOINT WARNING * * *
You hit the gnoll.
The gnoll is heavily wounded.
* * * LOW HITPOINT WARNING * * *
You feel sick. The gnoll closely misses you.
You sock the gnoll!
You kill the gnoll!
Trog accepts your kill.
There is a lethal amount of poison in your body!
* * * LOW HITPOINT WARNING * * *
You feel sick.
You feel a strong urge to attack something.
You are no longer berserk.
You are exhausted.
You feel yourself slow down.
You die...

#. #. #.### #...#
#.... #...# #.).#
.. #..@#####...
####).......
#########....#.##
#................
#####..##....#.##
#.......## #
#.......#
#.......#
#.......#


There were no monsters in sight!

Vanquished Creatures
  Grinder (D:4)
  A water moccasin skeleton (D:5)
  A gnoll shaman (D:4)
  An orc priest (D:3)
  2 hounds
  Ijyb (D:4)
  5 orc wizards
  6 adders
  9 gnolls
  A howler monkey skeleton (D:5)
  A white imp (D:5)
  2 ufetubi
  An adder skeleton (D:4)
  A worm (D:4)
  A dart slug (D:2)
  15 orcs
  4 bats
  8 endoplasms
  5 giant cockroaches
  3 goblins
  7 hobgoblins
  A jackal (D:4)
  6 kobolds
  2 quokkas
  8 ball pythons
  3 frilled lizards
  3 rats
99 creatures vanquished.

Notes
Turn   | Place    | Note
-------+----------+-------------------------------------------
     0 | D:1      | knot the Demonspawn Berserker began the quest for the Orb.
     0 | D:1      | Reached XP level 1. HP: 18/18 MP: 1/1
   265 | D:1      | Reached skill level 3 in Axes
   654 | D:1      | Gained mutation: You regenerate a little health from kills.
                  | [demonic ancestry]
   654 | D:1      | Reached XP level 2. HP: 24/24 MP: 2/2
   839 | D:1      | Found a faded altar of an unknown god.
  1501 | D:2      | Reached XP level 3. HP: 8/29 MP: 3/3
  1847 | D:2      | Reached skill level 4 in Axes
  2689 | D:2      | Reached ** piety under Trog
  2729 | D:2      | Reached XP level 4. HP: 35/35 MP: 4/4
  3339 | D:3      | Found a stormy altar of Qazlal.
  3410 | D:3      | Reached skill level 5 in Axes
  3421 | D:3      | Reached XP level 5. HP: 41/41 MP: 5/5
  3969 | D:4      | Found a staircase to the Ecumenical Temple.
  4018 | D:4      | Noticed Grinder
  4046 | D:4      | Killed Grinder
  4047 | D:4      | Reached skill level 6 in Axes
  4047 | D:4      | Reached XP level 6. HP: 21/47 MP: 6/6
  4057 | D:4      | Reached skill level 7 in Axes
  4586 | D:4      | Found an ornate altar of the Wu Jian Council.
  4650 | D:4      | Reached XP level 7. HP: 52/52 MP: 7/7
  5229 | D:4      | Noticed Ijyb
  5238 | D:4      | Killed Ijyb
  5591 | D:5      | Entered Level 5 of the Dungeon
  5603 | D:5      | Reached skill level 8 in Axes
  5747 | D:5      | Found a shadowy altar of Dithmenos.
  5832 | D:5      | HP: 2/78 [poisoned by a gnoll]
  5835 | D:5      | Succumbed to a gnoll's poison

Illustrated notes

Levels and vault maps discovered:
D:1:      dpeg_arrival_round_b, layout_loops_corners,
          hellmonk_ecumenical_altar_heavens_door
D:2:      layout_loops_ring
D:3:      layout_rooms, nicolae_qazlal_eye_of_the_storm,
          hangedman_feature_mirror
D:4:      layout_rooms, mainiacjoe_overflow_small_starburst,
          minmay_temple_entry_large_hall, kennysheep_generic_room_6,
          uniq_grinder, uniq_ijyb
D:5:      layout_basic, grunt_dithmenos_smoke

Skill      XL: |  1  2  3  4  5  6  7 |
---------------+----------------------+-----
Axes           | 3 4 5 6 7 8 |  8.3
Fighting       | |  3.0
Armour         | |  1.7
Dodging        | |  1.7

Action                   |  1- 3 |  4- 6 |  7- 9 || total
-------------------------+-------+-------+-------++-------
Melee: Hand axe          |    97 |   156 |    35 ||   288
       Punch             |       |     3 |     1 ||     4
       Club              |       |       |    26 ||    26
Throw: Dart              |       |    10 |       ||    10
       Boomerang         |       |     6 |       ||     6
       Stone             |       |     1 |       ||     1
Invok: Berserk           |     4 |     5 |     3 ||    12
       Trog's Hand       |       |     4 |     1 ||     5
 Stab: Sleeping          |     3 |     1 |       ||     4
Armor: Animal skin       |    20 |    17 |     4 ||    41
       Ring mail         |       |       |     2 ||     2
Dodge: Dodged            |    57 |    81 |    38 ||   176

Table legend: (Time is in decaauts)
 A = Elapsed time spent in this place.
 B = Non-inter-level travel time spent in this place.
 C = Inter-level travel time spent in this place.
 D = Time resting spent in this place.
 E = Time spent auto-exploring this place.
 F = Levels seen in this place.
 G = Mean time per level.
                   A        B        C        D        E       F      G
               +--------+--------+--------+--------+--------+-----+--------+
         Total |   5940 |   5827 |    113 |   1896 |   3245 |   5 | 1188.0 |
       Dungeon |   5940 |   5827 |    113 |   1896 |   3245 |   5 | 1188.0 |
               +--------+--------+--------+--------+--------+-----+--------+

Top non-repeatable levels by time:
     D:1: 2048 daAuts
     D:4: 1905 daAuts
     D:2: 882 daAuts
     D:3: 862 daAuts
     D:5: 241 daAuts
